Map: Frozen Temple

Players

Pokebunny

  • Race: Terran Terran
  • League: Grandmaster

Mello - Winner!

  • Race: Protoss Protoss
  • League: Grandmaster

VOD

Have the link to the VOD?

Description

Time

  • Played on: April 5, 2016, 12:45 a.m.
  • Length: 6:41
Show
View Real Time Build Order
Export as new Build Order

Pokebunny Terran 

Build Orders: 1/1/1, Liberator Opening 

Get SALT Encoding   

  12  0:00  SCV  
  13  0:12  SCV  
  14  0:17  Supply Depot  
  14  0:24  SCV  
  14  0:28  Refinery  
  15  0:39  SCV  
  16  0:45  Barracks  
  16  0:58  SCV  
  17  1:11  SCV  
  18  1:23  SCV  
  19  1:32  Marine  
  19  1:34  Supply Depot  
  19  1:36  Factory  
  19  1:39  Orbital Command  
  20  1:45  Refinery  
  20  1:50  Marine  
  21  2:07  SCV  
  22  2:09  Barracks Reactor  
  22  2:19  SCV  
  22  2:20  Starport  
  23  2:23  Hellion  
  23  2:27  Supply Depot  
  25  2:33  SCV  
  26  2:43  Widow Mine  
  26  2:45  Marine, SCV  
  26  2:46  Marine  
  31  2:55  Supply Depot  
  31  2:57  SCV  
  32  2:59  Medivac  
  32  3:04  Marine x2  
  36  3:13  Liberator  
  36  3:18  Factory Tech Lab  
  36  3:26  SCV  
  37  3:27  Marine x2  
  42  3:39  Siege Tank  
  45  3:41  Supply Depot  
  45  3:50  Barracks  
  45  3:56  Barracks  
  45  4:01  Marine x2  
  47  4:05  Liberator  
  45  4:21  Marine x2  
  50  4:27  Supply Depot  
  50  4:40  Marine  
  50  4:41  Marine  
  50  4:42  Marine  
  50  4:44  Siege Tank  
  54  4:51  Marine  
  55  4:58  Marine x2  
  55  4:59  Marine  
  58  5:08  Marine  
  58  5:10  Supply Depot  
  58  5:13  Medivac  
  61  5:16  Marine x2  
  63  5:31  Marine x2  
  65  5:37  Marine x2  
  62  5:49  Marine x2  
  57  6:01  Siege Tank, Marine x2  
  49  6:07  Marine  
  49  6:08  Marine  
  44  6:19  Marine x2  
Show
View Real Time Build Order
Export as new Build Order

Mello Protoss - Winner!

Build Orders: 1 Gate Expand, Phoenix Opening 

Get SALT Encoding   

  12  0:00  Probe (Chrono Boost)  
  13  0:11  Probe (Chrono Boost)  
  14  0:18  Pylon  
  14  0:22  Probe (Chrono Boost)  
  15  0:36  Probe (Chrono Boost)  
  15  0:37  Gateway  
  16  0:46  Assimilator  
  16  0:47  Probe (Chrono Boost)  
  17  0:57  Probe (Chrono Boost)  
  18  1:08  Probe (Chrono Boost)  
  19  1:18  Probe (Chrono Boost)  
  20  1:27  Nexus  
  20  1:29  Probe (Chrono Boost)  
  21  1:36  Cybernetics Core  
  22  1:40  Probe (Chrono Boost)  
  22  1:45  Assimilator  
  22  1:50  Probe (Chrono Boost)  
  23  2:01  Pylon  
  23  2:08  Probe (Chrono Boost)  
  23  2:16  Stargate  
  23  2:19  Adept (Chrono Boost), Probe (Chrono Boost)  
  26  2:29  Warp Gate  
  26  2:31  Probe (Chrono Boost)  
  27  2:39  Probe (Chrono Boost)  
  28  2:45  Adept, Probe (Chrono Boost)  
  28  2:51  Probe (Chrono Boost)  
  32  2:55  Probe (Chrono Boost)  
  32  2:58  Pylon  
  33  3:03  Phoenix (Chrono Boost)  
  37  3:12  Adept  
  37  3:18  Probe  
  36  3:20  Probe  
  36  3:24  Pylon  
  37  3:29  Probe  
  37  3:30  Phoenix (Chrono Boost)  
  37  3:33  Mothership Core  
  42  3:39  Probe  
  43  3:45  Adept  
  45  3:50  Probe  
  46  3:56  Phoenix (Chrono Boost)  
  46  3:59  Gateway  
  46  4:02  Probe  
  49  4:03  Probe, Gateway  
  50  4:13  Pylon  
  48  4:24  Probe, Robotics Facility  
  48  4:26  Assimilator, Probe  
  50  4:41  Probe  
  50  4:42  Phoenix (Chrono Boost), Probe  
  50  4:45  Assimilator  
  54  4:52  Probe  
  54  4:59  Probe  
  56  5:00  Pylon  
  56  5:04  Phoenix (Chrono Boost)  
  58  5:12  Adept x3, Probe  
  58  5:14  Probe  
  66  5:16  Pylon  
  66  5:31  Phoenix (Chrono Boost)  
  68  5:38  Adept x3  
  74  5:52  Immortal  
  74  6:07  Adept x3  
  74  6:08  Probe  
  74  6:09  Probe  
  74  6:10  Twilight Council  
  82  6:23  Twilight Council  
  82  6:24  Forge  
  82  6:26  Forge  
Tags
 
Add a new tag
Caveats
  • Supply blocks, unpowered buildings, or Contaminate may cause inaccurate times.
  • Supply counts are checked every 10 seconds.